 Dungeon Crawl Stone Soup version 0.22.0-6-g71bd7aa (webtiles) character file.

140 Lavandula the Chopper (level 5, -1/45 HPs)
             Began as a Centaur Berserker on Aug 15, 2018.
             Was a Believer of Trog.
             Slain by a phantom (4 damage)
             ... on level 4 of the Dungeon.
             The game lasted 00:03:55 (990 turns).

Lavandula the Chopper (Centaur Berserker)            Turns: 990, Time: 00:03:56

Health: -1/45      AC:  7    Str: 20    XL:     5   Next: 2%
Magic:  5/5        EV:  9    Int:  6    God:    Trog [**....]
Gold:   19         SH:  0    Dex:  9    Spells: 4/4 levels left

rFire    . . .     SeeInvis .   a - +0 hand axe
rCold    . . .     Gourm    .   (no shield)
rNeg     . . .     Faith    .   b - +0 animal skin
rPois    .         Spirit   .   (no helmet)
rElec    .         Reflect  .   (no cloak)
rCorr    .         Harm     .   d - +2 pair of gloves
MR       .....                  (no barding)
Stlth    +.........             (no amulet)
HPRegen  0.15/turn              (no ring)
MPRegen  0.09/turn              (no ring)

@: berserk cooldown, very quick
A: large, hooves 3, deformed body, speed 2, tough skin 3
a: Berserk, Trog's Hand, Renounce Religion


You were on level 4 of the Dungeon.
You worshipped Trog.
Trog was pleased with you.
You were not hungry.

You visited 1 branch of the dungeon, and saw 5 of its levels.

You collected 19 gold pieces.

Inventory:

Hand Weapons
 a - a +0 hand axe (weapon)
 n - the +7 dagger of Pankuafi {drain, +Inv rC- Str+2 Int+3}
   (You found it on level 4 of the Dungeon)

   A truly terrible weapon, it drains the life of those it strikes.
   It affects your strength (+2).
   It affects your intelligence (+3).
   It makes you vulnerable to cold.
   It lets you turn invisible.
Missiles
 j - 2 curare-tipped needles
Armour
 b - a +0 animal skin (worn)
 d - a +2 pair of gloves (worn)
 h - a +2 chain mail of magic resistance
Scrolls
 e - a scroll of enchant weapon {unknown}
 f - a scroll of identify {unknown}
 g - a scroll of remove curse
 m - a scroll of noise {unknown}
Potions
 i - a potion of haste {unknown}
 k - a potion of invisibility {unknown}
Comestibles
 c - 5 rations
 l - 3 chunks of flesh


   Skills:
 - Level 3.0 Fighting
 + Level 1.5 Short Blades
 - Level 4.9 Axes
 - Level 1.3 Armour
 - Level 1.3 Dodging


You had 4 spell levels left.
You didn't know any spells.
Your spell library was empty.

Dungeon Overview and Level Annotations

Branches:
Dungeon (5/15)
 Temple: D:4-7

Altars:


Innate Abilities, Weirdness & Mutations

You have hooves in place of feet.
Armour fits poorly on your strangely shaped body.
You cover ground very quickly.
You have extremely tough skin. (AC +3)


Message History

You aren't carrying any items that you can evoke.
Unknown command.
You hit the phantom but do no damage.
The phantom is almost destroyed.
The phantom hits you.
* * * LOW HITPOINT WARNING * * *
The phantom blinks!
The phantom blinks!
You hit the phantom but do no damage.
The phantom is almost destroyed.
The phantom hits you.
* * * LOW HITPOINT WARNING * * *
You completely miss the phantom. Your kick misses the phantom.
The phantom is almost destroyed.
The phantom hits you.
* * * LOW HITPOINT WARNING * * *
You hit the phantom.
The phantom is almost destroyed.
The phantom hits you.
You die...

..............#######.#
#..........)..# #.#
#.####........# #.#
............##.# #.#
............##.# #.#
....###..#####.# #.#
.........#####.#####..#
##..###................
#..###.@W.......###.##
#.............#.# #.#
#..####.####.##.###.# #
#>..............#.#
#..####...........#.#
#.####.###....# #.#
#.##.....###. .# #.#
#...†........ .# #.#
####.....####


You could see a phantom.

Vanquished Creatures
  An iguana (D:4)
  Terence (D:3)
  A worker ant (D:4)
  3 adders
  A shadow imp (D:3)
  A leopard gecko (D:3)
  2 orcs (D:3)
  A ball python (D:1)
  3 giant cockroaches
  2 goblins
  5 hobgoblins
  4 jackals (D:2)
  A quokka (D:4)
  2 bats
  A frilled lizard (D:2)
  A kobold (D:3)
  2 rats (D:3)
32 creatures vanquished.

Notes
Turn   | Place    | Note
-------+----------+-------------------------------------------
     0 | D:1      | Lavandula the Centaur Berserker began the quest for the Orb.
     0 | D:1      | Reached XP level 1. HP: 19/19 MP: 1/1
    36 | D:2      | Reached skill level 3 in Axes
    97 | D:1      | Reached XP level 2. HP: 21/26 MP: 2/2
   263 | D:3      | Noticed Terence
   282 | D:3      | Killed Terence
   282 | D:3      | Reached skill level 4 in Axes
   282 | D:3      | Reached XP level 3. HP: 31/31 MP: 3/3
   335 | D:3      | Reached ** piety under Trog
   442 | D:3      | Reached XP level 4. HP: 38/38 MP: 4/4
   704 | D:5      | Entered Level 5 of the Dungeon
   769 | D:4      | Got a dazzling dagger
   773 | D:4      | Identified the +7 dagger of Pankuafi {drain, +Inv rC- Str+2 Int+3} (You found it on level 4 of the Dungeon)
   909 | D:4      | Noticed a phantom
   950 | D:4      | Reached skill level 1 in Short Blades
   950 | D:4      | Reached XP level 5. HP: 36/45 MP: 5/5
   990 | D:4      | Slain by a phantom

Skill      XL: |  1  2  3  4 |
---------------+-------------+-----
Axes           | 3 4 |  4.9
Short Blades   | 1 |  1.5
Fighting       | |  3.0
Armour         | |  1.3
Dodging        | |  1.3

Action                   |  1- 3 |  4- 6 || total
-------------------------+-------+-------++-------
Melee: Hand axe          |    52 |    39 ||    91
       Kick              |    13 |     7 ||    20
Invok: Berserk           |     3 |     3 ||     6
  Use: Scroll            |       |     3 ||     3
  Eat: Chunk             |       |     5 ||     5
Armor: Animal skin       |    16 |     8 ||    24
Dodge: Dodged            |    27 |    12 ||    39
